 Seeded DCSS version 0.30-a0-339-g89bb51ec76 (webtiles) character file.

Game seed: 16039777892291717199 (custom seed)

361 retardedninja the Trooper (level 6, -1/56 HPs)
             Began as a Hill Orc Fighter on Oct 31, 2022.
             Slain by Grinder (4 damage)
             ... on level 4 of the Dungeon.
             The game lasted 00:06:03 (3575 turns).

retardedninja the Trooper (Hill Orc Fighter)        Turns: 3575, Time: 00:06:03

Health: -1/56      AC:  7    Str: 21    XL:     6   Next: 66%
Magic:  6/6        EV:  9    Int:  8    God:
Gold:   243        SH:  0    Dex: 10    Spells: 5/5 levels left

rFire   x . .      SeeInvis .    m - +0 broad axe (freeze)
rCold   . . .      Faith    .    (no shield)
rNeg    . . .      Spirit   .    b - +0 scale mail
rPois   .          Reflect  .    (no helmet)
rElec   .          Harm     .    (no cloak)
rCorr   .          Rampage  .    (no gloves)
Will    .....                    (no boots)
Stlth   ..........               (no amulet)
HPRegen 0.29/turn                (no ring)
MPRegen 0.10/turn                (no ring)

@: confused, lethally poisoned (-1 -> -5), ambrosia-drunk, on berserk cooldown,
hasted and slowed
A: hooves 1, heat vulnerability 1
a: no special abilities


You were on level 4 of the Dungeon.
You visited 1 branch of the dungeon, and saw 4 of its levels.

You collected 243 gold pieces.

Inventory:

Hand Weapons
 a - a +0 war axe
 m - a +0 broad axe of freezing (weapon)
Armour
 b - a +0 scale mail (worn)
Jewellery
 l - a ring of protection from fire
 r - a +6 ring of intelligence
 s - an amulet of faith
 u - a ring of magical power
 x - a +4 ring of evasion
Wands
 q - a wand of digging (7)
 w - a wand of mindburst (18)
Scrolls
 g - a scroll of blinking
 i - 2 scrolls of teleportation
Potions
 d - a potion of invisibility
 e - 2 potions of attraction {unknown}
 f - 2 potions of ambrosia
 h - a potion of lignification {unknown}
 j - a potion of haste
 k - a potion of mutation
 o - a potion of flight {unknown}
 p - a potion of heal wounds {unknown}
 t - a potion of berserk rage


   Skills:
 + Level 5.3 Fighting
 + Level 5.0 Axes
 + Level 4.8 Armour
 + Level 4.8 Shields


You had 5 spell levels left.
You didn't know any spells.
Your spell library was empty.

Dungeon Overview and Level Annotations

Branches:
Dungeon (4/15)
 Temple: D:4-7

Altars:

Shops:
D:4 =

Annotations:
D:3 2 transporters, retardedninja's ghost, amateur HOFi
D:4 Grinder


Innate Abilities, Weirdness & Mutations

You have large cloven feet.
You are vulnerable to heat. (rF-)


Message History

You writhe in agony.
* * * LOW HITPOINT WARNING * * *
The adder bites you but does no damage.
You barely miss the adder. You barely miss something.
The adder bites you but does no damage. Something hits you.
* * * LOW HITPOINT WARNING * * *
Unknown command.
You closely miss the adder. You hit something.
The adder bites you but does no damage. Something hits you.
* * * LOW HITPOINT WARNING * * *
The adder bites you.
* * * LOW HITPOINT WARNING * * *
You miss the adder. You miss something.
You are no longer berserk.
You are exhausted.
You feel yourself slow down.
Something tries to affect you, but you resist.
The adder barely misses you.
It was a potion of ambrosia.
You are confused.
You feel invigorated. The adder bites you but does no damage.
Something hits you.
* * * LOW HITPOINT WARNING * * *
The adder bites you but does no damage. Something hits you.
* * * LOW HITPOINT WARNING * * *
You writhe in agony.
* * * LOW HITPOINT WARNING * * *
It was a potion of haste.
You feel yourself speed up. The adder bites you.
* * * LOW HITPOINT WARNING * * *
You are poisoned.
The adder poisons you! Something hits you.
* * * LOW HITPOINT WARNING * * *
The adder bites you but does no damage.
Unknown command.
It was a potion of mutation.
You feel extremely strange.
You feel vulnerable to heat.
Your feet thicken and deform.
You feel sick. The adder bites you but does no damage. Something hits you.
* * * LOW HITPOINT WARNING * * *
You writhe in agony.
You die...

........#
...........?.#
.∩....########
........#
...<..#.##
#........###
#..........#
###....{...####
.......@......#
###....S†.#.#?#
#.........#
#.......#....
#.......# ...
#.......# .[
######### .


You could see an adder.

Vanquished Creatures
  Sigmund (D:3)
  A scorpion (D:3)
  An orc priest (D:3)
  Ijyb (D:4)
  2 adders
  6 dart slugs
  A worm (D:4)
  4 orcs (D:3)
  5 bats
  2 giant cockroaches
  3 goblins
  4 hobgoblins
  9 jackals
  3 quokkas
  6 ball pythons
  3 frilled lizards
  6 kobolds
  7 rats
65 creatures vanquished.

Notes
Turn   | Place    | Note
-------+----------+-------------------------------------------
     0 | D:1      | retardedninja the Hill Orc Fighter began the quest for the
                  | Orb.
     0 | D:1      | Reached XP level 1. HP: 19/19 MP: 1/1
   142 | D:1      | Reached XP level 2. HP: 27/27 MP: 2/2
   462 | D:1      | Reached XP level 3. HP: 33/33 MP: 3/3
  1102 | D:3      | Found a transporter.
  1128 | D:3      | Noticed retardedninja's ghost (amateur HOFi)
  1258 | D:2      | Reached XP level 4. HP: 9/41 MP: 4/4
  1948 | D:3      | Found a transporter.
  1949 | D:3      | Noticed an ogre
  1950 | D:3      | Noticed an ogre
  2078 | D:3      | Noticed Sigmund
  2103 | D:3      | Killed Sigmund
  2104 | D:3      | Reached skill level 5 in Fighting
  2104 | D:3      | Reached XP level 5. HP: 42/48 MP: 5/5
  2104 | D:3      | Reached XP level 6. HP: 49/56 MP: 6/6
  3151 | D:3      | Identified a scroll of acquirement
  3151 | D:3      | Acquired a +0 broad axe of freezing
  3514 | D:4      | Noticed Ijyb
  3516 | D:4      | Killed Ijyb
  3517 | D:4      | Reached skill level 5 in Axes
  3558 | D:4      | Noticed Grinder
  3560 | D:4      | Found Beopneunk's Jewellery Shoppe.
  3563 | D:4      | Paralysed by something for 4 turns
  3575 | D:4      | Gained mutation: You are vulnerable to heat. (rF-) [potion
                  | of mutation]
  3575 | D:4      | Gained mutation: You have large cloven feet. [potion of
                  | mutation]
  3575 | D:4      | Slain by Grinder

Illustrated notes

Levels and vault maps discovered:
D:1:      kennysheep_arrival_seaside, layout_rooms
D:2:      layout_basic
D:3:      layout_loops_cross, gammafunk_ghost_smash, dk_noncrumbling_4,
          uniq_sigmund
D:4:      layout_basic, kiku_gazebo_pond_becter, gup_sewer_entry_spiral,
          serial_shops, nicolae_stop_n_shop_1, uniq_grinder, uniq_ijyb

Skill      XL: |  1  2  3  4  5  6 |
---------------+-------------------+-----
Axes           | 3 4 5 |  5.0
Fighting       | 4 5 |  5.3
Armour         | 4 |  4.8
Shields        | 4 |  4.8

Action                   |  1- 3 |  4- 6 || total
-------------------------+-------+-------++-------
Melee: War axe           |   120 |    83 ||   203
       Broad axe         |       |    10 ||    10
  Use: Scroll            |     4 |     4 ||     8
       Potion            |       |     5 ||     5
Armor: Scale mail        |    67 |    53 ||   120
Dodge: Dodged            |    78 |    33 ||   111
Block: Buckler           |    26 |    19 ||    45

Table legend: (Time is in decaauts)
 A = Elapsed time spent in this place.
 B = Non-inter-level travel time spent in this place.
 C = Inter-level travel time spent in this place.
 D = Time resting spent in this place.
 E = Time spent auto-exploring this place.
 F = Levels seen in this place.
 G = Mean time per level.
                   A        B        C        D        E       F      G
               +--------+--------+--------+--------+--------+-----+--------+
         Total |   3651 |   3364 |    287 |   1139 |   1628 |   4 |  912.8 |
       Dungeon |   3651 |   3364 |    287 |   1139 |   1628 |   4 |  912.8 |
               +--------+--------+--------+--------+--------+-----+--------+

Top non-repeatable levels by time:
     D:3: 1764 daAuts
     D:2: 1134 daAuts
     D:1: 690 daAuts
     D:4: 61 daAuts
